 Dungeon Crawl Stone Soup version 0.30-a0-862-g1aabd4f9c5 (webtiles) character file.

Game seed: 11777944685546391007

688 themarg the Ducker (level 7, 0/46 HPs)
             Began as a Merfolk Summoner on Mar 8, 2023.
             Was an Initiate of Gozag.
             Slain by a hound (3 damage)
             ... on level 5 of the Dungeon on Mar 9, 2023.
             The game lasted 00:12:27 (4374 turns).

themarg the Ducker (Merfolk Summoner)               Turns: 4374, Time: 00:12:27

Health: 0/46       AC:  3    Str:  8    XL:     7   Next: 63%
Magic:  6/12       EV: 15    Int: 17    God:    Gozag
Gold:   183        SH:  0    Dex: 14    Spells: 7/13 levels left

rFire   + . .      SeeInvis .    t - +0 trident
rCold   + . .      Faith    .    (no shield)
rNeg    . . .      Spirit   .    a - +0 robe
rPois   +          Reflect  .    (no helmet)
rElec   +          Rampage  .    e - +0 cloak
rCorr   +                        (no gloves)
Will    .....                    (no boots)
Stlth   ++                       (no amulet)
HPRegen 0.27/turn                j - ring of flight
MPRegen 0.13/turn                (no ring)

@: brilliant, resistant, flying
A: (nimble swimmer 2), mertail
a: Renounce Religion, Potion Petition, Call Merchant, Bribe Branch


You were on level 5 of the Dungeon.
You worshipped Gozag.
Gozag was aware of your devotion.
You visited 2 branches of the dungeon, and saw 7 of its levels.

You collected 311 gold pieces.
You paid 128 gold pieces to Gozag.

Inventory:

Hand Weapons
 d - a +0 short sword
 t - a +0 trident (weapon)
Missiles
 c - 42 stones
 g - a throwing net
 q - a poisoned dart
Armour
 a - a +0 robe (worn)
 e - a +0 cloak (worn)
Jewellery
 j - a ring of flight (left hand)
Wands
 r - a wand of flame (31)
Scrolls
 f - 2 scrolls of amnesia {unknown}
 i - a scroll of butterflies {unknown}
 k - 2 scrolls of teleportation {unknown}
 m - a scroll of magic mapping {unknown}
 s - a scroll of immolation {unknown}
 u - a scroll of fear {unknown}
 v - a scroll of acquirement {unknown}
Potions
 b - 2 potions of magic
 h - a potion of invisibility
 l - 2 potions of attraction
 n - a potion of brilliance
 o - 3 potions of might


   Skills:
 - Level 7.1 Dodging
 - Level 3.0 Stealth
 - Level 3.6 Spellcasting
 * Level 6.4 Summonings


You had 7 spell levels left.
You knew the following spells:

 Your Spells              Type           Power      Damage    Failure   Level
a - Summon Small Mammal   Summ           100%       N/A       1%          1
b - Call Imp              Summ           37%        N/A       1%          2
c - Call Canine Familiar  Summ           37%        N/A       3%          3

Your spell library contained the following spells:

 Spells                   Type           Power      Damage    Failure   Level
 Summon Guardian Golem    Hex/Summ       21%        N/A       13%         3
 Summon Lightning Spire   Summ/Air       21%        N/A       41%         4
 Portal Projectile        Hex/Tloc       8%         N/A       43%         3
 Tukima's Dance           Hex            4%         N/A       43%         3
 Leda's Liquefaction      Hex/Erth       2%         N/A       85%         4
 Passage of Golubria      Tloc           4%         N/A       85%         4
 Yara's Violent Unravell  Hex/Tmut       2%         3d3       99%         5


Dungeon Overview and Level Annotations

Branches:
Dungeon (6/15)             Temple (1/1) D:6

Altars:
Ashenzari
Dithmenos
Fedhas
Gozag
Kikubaaqudgha
Nemelex Xobeh
Ru
Trog
Vehumet
Wu Jian
Xom
Yredelemnul
Zin
The Shining One

Shops:
D:4 (

Annotations:
D:4 exclusion: steam dragon


Innate Abilities, Weirdness & Mutations

((You are very nimble when in or above water. (Stealth+, EV+, Speed+++)))
Your lower body shifts to a powerful aquatic tail in water.


Message History

The orc barely misses your hound. The centaur attacks as you move away!
The centaur hits you with a +0 hand axe!
* * * LOW HITPOINT WARNING * * *
The centaur closely misses your hound. The centaur barely misses you.
The hound bites your hound.
Your hound dies!
Your hound's corpse disappears in a puff of smoke!
The centaur unwields a +0 hand axe.
The centaur wields a +0 shortbow.
The centaur shoots an arrow.
The arrow closely misses you. The hound misses you.
The centaur attacks as you move away!
The centaur unwields a +0 shortbow.
The centaur wields a +0 hand axe.
The centaur barely misses you. The centaur kicks you.
* * * LOW HITPOINT WARNING * * *
The hound completely misses you.
There is an escape hatch in the ceiling here.
The hound bites you but does no damage. A mysterious force pulls you upwards.
The hatch slams shut behind you. The hound bites you.
* * * LOW HITPOINT WARNING * * *
The hound bites you.
* * * LOW HITPOINT WARNING * * *
The hound attacks as you move away! The hound bites you.
* * * LOW HITPOINT WARNING * * *
Your hound bites the hound.
The hound barely misses you.
Your hound bites the hound but does no damage.
You hit the hound but do no damage.
The hound is lightly wounded.
The hound barely misses you.
Your hound misses the hound. The hound closely misses you.
It was a potion of brilliance.
You feel clever all of a sudden.
Your hound bites the hound.
The hound closely misses you.
Your hound bites the hound.
It was a potion of resistance.
You feel protected. The hound closely misses you.
Your hound misses the hound. The hound bites you.
You die...
Your body crumbles into a pile of gold.

. #
####+#######.. $
... .............
.....##.h......#
........h@.....#
...............#
...............#
.....#...........
.....#.......####
.... ..........
... .........#..
................
$ $


You could see a hound (ally target) and a friendly hound (summoned).

Vanquished Creatures
  Grinder (D:4)
  A hound (D:4)
  Ijyb (D:4)
  A gnoll (D:6)
  An adder (D:4)
  A dart slug (D:2)
  An endoplasm (D:4)
  A giant cockroach (D:4)
  2 goblins
  2 hobgoblins
  3 training dummies (D:4)
  3 ball pythons (D:2)
  A bat (D:1)
  2 kobolds
  A rat (D:1)
22 creatures vanquished.

Vanquished Creatures (collateral kills)
  A black bear (D:4)
  A phantom (D:6)
  A howler monkey (D:6)
  A hound (D:4)
  A sleepcap (D:4)
  3 gnolls (D:6)
  8 adders
  An ufetubus (D:6)
  2 dart slugs
  2 orcs
  2 endoplasms (D:1)
  2 hobgoblins (D:3)
  3 ball pythons
  5 bats
  2 frilled lizards
  6 goblins
  A kobold (D:3)
  3 rats
45 creatures vanquished.

Grand Total: 67 creatures vanquished

Notes
Turn   | Place    | Note
-------+----------+-------------------------------------------
     0 | D:1      | themarg the Merfolk Summoner began the quest for the Orb.
     0 | D:1      | Reached XP level 1. HP: 13/13 MP: 3/3
    89 | D:1      | Found a faded altar of an unknown god.
   302 | D:1      | Reached skill level 3 in Dodging
   348 | D:1      | Reached XP level 2. HP: 17/19 MP: 3/5
   351 | D:1      | Learned a level 2 spell: Call Imp
  1313 | D:2      | Reached XP level 3. HP: 23/24 MP: 6/6
  1317 | D:2      | Learned a level 3 spell: Call Canine Familiar
  1861 | D:3      | Reached XP level 4. HP: 30/30 MP: 3/7
  1995 | D:3      | Found a glowing silver altar of Zin.
  2548 | D:3      | Reached skill level 4 in Dodging
  3075 | D:4      | Reached XP level 5. HP: 31/35 MP: 1/8
  3171 | D:4      | Noticed a steam dragon
  3324 | D:4      | Found Cuwk's Firing Range.
  3364 | D:4      | Noticed Ijyb
  3372 | D:4      | Killed Ijyb
  3373 | D:4      | Reached skill level 5 in Summonings
  3484 | D:4      | Reached skill level 5 in Dodging
  3563 | D:4      | Noticed a black bear
  3569 | D:4      | Killed a black bear
  3570 | D:4      | Reached XP level 6. HP: 41/41 MP: 5/10
  3641 | D:4      | Noticed Grinder
  3658 | D:4      | Killed Grinder
  3659 | D:4      | Reached skill level 6 in Dodging
  3659 | D:4      | Reached XP level 7. HP: 43/46 MP: 5/12
  3928 | D:4      | You are sucked into a shaft and drop 2 floors!
  3930 | D:6      | Found a staircase to the Ecumenical Temple.
  3942 | Temple   | Entered the Ecumenical Temple
  3942 | Temple   | Found a transporter.
  3942 | Temple   | Found a transporter.
  3944 | Temple   | Found a transporter.
  3944 | Temple   | Found a transporter.
  3979 | Temple   | Became a worshipper of Gozag Ym Sagoz the Greedy
  4180 | D:6      | Reached skill level 7 in Dodging
  4368 | D:5      | Entered Level 5 of the Dungeon
  4371 | D:5      | HP: 2/46 [hound (4)]
  4374 | D:5      | Slain by a hound

Illustrated notes

Levels and vault maps discovered:
D:1:      nicolae_arrival_washed_ashore, layout_basic,
          shapermc_ecumenical_altar_totnotflames
D:2:      layout_basic
D:3:      layout_loops_corners, old_standard_altar, serial_glass,
          glass_columns_c, glass_columns_a
D:4:      nicolae_cairo_tiling_very_big, layout_cave_pools,
          nicolae_shop_firing_range, uniq_sigmund, uniq_ijyb, uniq_grinder
D:5:      layout_basic, lemuel_coloured_pillars_altar, led_sif_book,
          minivault_26, minmay_door_square, nicolae_shop_gadgets
D:6:      layout_loops_ring, minmay_temple_entry_wispy, minmay_joined_circles
Temple:   hellmonk_temple_divided_pantheon

Skill      XL: |  1  2  3  4  5  6  7 |
---------------+----------------------+-----
Dodging        | 3 4 5 6 7 |  7.1
Stealth        | 3 |  3.0
Summonings     | 5 6 |  6.4
Spellcasting   | 3 |  3.6

Action                     |  1- 3 |  4- 6 |  7- 9 || total
---------------------------+-------+-------+-------++-------
  Melee: Short sword       |    48 |    39 |       ||    87
         Unarmed           |     3 |       |       ||     3
         Trident           |       |       |    31 ||    31
   Cast: Summon Small Mamm |    34 |    14 |     2 ||    50
         Call Imp          |    10 |     9 |     3 ||    22
         Call Canine Famil |     4 |    12 |     8 ||    24
    Use: Scroll            |       |     3 |       ||     3
         Potion            |       |       |     2 ||     2
   Stab: Distracted        |     1 |     1 |       ||     2
 Armour: Robe              |    12 |     8 |     1 ||    21
  Dodge: Dodged            |    34 |    25 |    28 ||    87

Table legend: (Time is in decaauts)
 A = Elapsed time spent in this place.
 B = Non-inter-level travel time spent in this place.
 C = Inter-level travel time spent in this place.
 D = Time resting spent in this place.
 E = Time spent auto-exploring this place.
 F = Levels seen in this place.
 G = Mean time per level.
                   A        B        C        D        E       F      G
               +--------+--------+--------+--------+--------+-----+--------+
         Total |   4387 |   4265 |    122 |     49 |   3326 |   7 |  626.7 |
       Dungeon |   4334 |   4212 |    122 |     49 |   3326 |   6 |  722.3 |
        Temple |     52 |     52 |      0 |      0 |      0 |   1 |   52.0 |
               +--------+--------+--------+--------+--------+-----+--------+

Top non-repeatable levels by time:
     D:3: 1344 daAuts
     D:1: 1131 daAuts
     D:4: 847 daAuts
     D:2: 607 daAuts
     D:6: 397 daAuts
  Temple: 52 daAuts
     D:5: 6 daAuts
